 Dungeon Sprint DCSS version 0.27-a0-1006-g1fd4cec11e (webtiles) character file.

Game seed: 9982983529788309348

696 mhtbhm the Geomancer (level 7, -3/36 HPs)
             Began as a Gargoyle Earth Elementalist on Apr 17, 2021.
             Was a Priest of Vehumet.
             Splashed by an oklob plant's acid (14 damage)
             ... in the Dungeon (Sprint IV: "Fedhas' Mad Dash").
             The game lasted 00:04:09 (1533 turns).

mhtbhm the Geomancer (Gargoyle Earth Elementalist)  Turns: 1533, Time: 00:04:09

Health: -3/36      AC:  2    Str: 12    XL:     7   Next: 64%
Magic:  1/19       EV: 12    Int: 17    God:    Vehumet [***...]
Gold:   21         SH:  0    Dex: 10    Spells: 9/24 levels left

rFire    . . .     SeeInvis .   h - +2 whip (venom)
rCold    . . .     Faith    .   (no shield)
rNeg     + . .     Spirit   .   c - +0 robe
rPois    ∞         Reflect  .   (no helmet)
rElec    +         Harm     .   (no cloak)
rCorr    .         Rampage  .   (no gloves)
Will     .....     NoTele   +   (no boots)
Stlth    ++........             a - amulet of invisibility {+Inv}
HPRegen  0.12/turn              (no ring)
MPRegen  0.16/turn              (no ring)

@: corroded, very slightly contaminated, invisible (expiring)
A: AC +4, negative energy resistance 1, electricity resistance, torment
resistance 1, unbreathing 1, petrification resistance
a: Renounce Religion, Evoke Invisibility


You were in the Dungeon.
You worshipped Vehumet.
Vehumet was most pleased with you.
You visited 1 branch You collected 136 gold pieces.
You spent 115 gold pieces at shops.

Inventory:

Hand Weapons
 h - a +2 whip of venom (weapon)
Missiles
 b - 10 stones
Armour
 c - a +0 robe (worn)
Jewellery
 a - the amulet of invisibility (around neck) {+Inv}
   (You found it in the Dungeon)

   [amulet of nothing]

   It lets you turn invisible.
Scrolls
 i - a scroll of blinking
Potions
 d - a potion of curing
 e - a potion of heal wounds
 f - a potion of haste
 g - a potion of magic


   Skills:
 + Level 3.1 Dodging
 + Level 4.4 Stealth
 - Level 0.1 Unarmed Combat
 + Level 9.2 Spellcasting
 + Level 2.1 Conjurations
 + Level 1.0 Transmutations
 + Level 12.8 Earth Magic
 + Level 4.3 Evocations


You had 9 spell levels left.
You knew the following spells:

 Your Spells              Type           Power      Damage    Failure   Level
a - Sandblast             Erth           100%       2d20      1%          1
b - Passwall              Tmut/Erth      25%        N/A       1%          2
c - Stone Arrow           Conj/Erth      66%        3d11      1%          3
d - Lee's Rapid Deconstr  Erth           25%        3d15*     1%          5
e - Petrify               Tmut/Erth      31%        N/A       5%          4

Your spell library contained the following spells:

 Spells                   Type           Power      Damage    Failure   Level
 Freeze                   Ice            28%        1d5       2%          1


Dungeon Overview and Level Annotations

Branches:
Dungeon (1/1)

Altars:
Cheibriados
Dithmenos
Elyvilon
Gozag
Hepliaklqana
Kikubaaqudgha
Makhleb
Nemelex Xobeh
Okawaru
Qazlal
Ru
Sif Muna
Trog
Uskayaw
Vehumet
Wu Jian
Xom
Yredelemnul
Zin
The Shining One
Beogh
Jiyva
Lugonu

Shops:
D *[

Annotations:
D exclusion: oklob plant


Innate Abilities, Weirdness & Mutations

Your stone body is resilient. (AC +4)
You are immune to poison.
You resist negative energy. (rN+)
You are resistant to electric shocks. (rElec)
You are resistant to unholy torment.
You can survive without breathing.
You are immune to petrification.


Message History

Fragment what (e.g. wall or brittle monster)?: an oklob plant (moderately damaged, unaware, petrifying slowly, hasn't noticed you)
The oklob plant shatters!!
The oklob plant is heavily damaged.
Unknown command.
Unknown command.
Unknown command.
Casting: Lee's Rapid Deconstruction (dangerous; 1% risk of failure)
Confirm with . or Enter, or press ? or * to list all spells.
You don't have enough magic to cast this spell.
Unknown command.
The oklob plant stops moving altogether!
Casting: Lee's Rapid Deconstruction (dangerous; 1% risk of failure)
Confirm with . or Enter, or press ? or * to list all spells.
You don't have enough magic to cast this spell.
The oklob plant is no longer petrified.
Casting: Lee's Rapid Deconstruction (dangerous; 1% risk of failure)
Confirm with . or Enter, or press ? or * to list all spells.
Aiming: Lee's Rapid Deconstruction (dangerous; 1% risk of failure)
Press: ? - help, Dir - move target, p - oklob plant A stone wall.
The wall shatters!
The blast of rock fragments hits the oklob plant!!
The oklob plant is almost destroyed.
You flicker for a moment.
Unknown command.
Unknown command.
You aren't carrying any items that you can evoke.
Unknown command.
There is an open door here.
You hit the oklob plant but do no damage.
The oklob plant is almost destroyed.
The oklob plant spits acid at you. The splash of acid hits you.
You are splashed with acid!
You hit the oklob plant but do no damage.
The oklob plant is almost destroyed.
You hit the oklob plant.
The oklob plant is almost destroyed.
The oklob plant spits acid at you. The splash of acid hits you.
The acid corrodes you!
You are splashed with acid!
You die...

#<...#.....#.....#.
#PP.÷÷.....'.#.[.'.
#PPPP#.....#.#...#.
###############'##.
#†..♣........'...#.
#...†..♣.....#...##
#††...♣..♣..######
##'####+##### #?@#
#P$# ####


You could see an oklob plant.

Vanquished Creatures
  A queen bee (D)
  2 scorpions (D)
  4 killer bees (D)
  4 oklob saplings (D)
  2 spriggans (D)
  A river rat (D)
  A rat (D)
15 creatures vanquished.

Vanquished Creatures (others)
  A fungus (D)
1 creature vanquished.

Grand Total: 16 creatures vanquished

Notes
Turn   | Place    | Note
-------+----------+-------------------------------------------
     0 | D        | mhtbhm the Gargoyle Earth Elementalist began the quest for
                  | the Orb.
     0 | D        | Reached XP level 1. HP: 10/10 MP: 3/3
    17 | D        | Reached skill level 5 in Earth Magic
    17 | D        | Reached XP level 2. HP: 15/15 MP: 0/6
    73 | D        | Learned a level 2 spell: Passwall
    77 | D        | Noticed an oklob sapling
    77 | D        | Noticed a scorpion
    87 | D        | Killed a scorpion
    88 | D        | Reached skill level 7 in Earth Magic
    88 | D        | Reached XP level 3. HP: 16/19 MP: 0/9
    88 | D        | Reached XP level 4. HP: 21/24 MP: 0/10
   270 | D        | Learned a level 3 spell: Stone Arrow
   275 | D        | Reached skill level 5 in Spellcasting
   275 | D        | Reached skill level 8 in Earth Magic
   278 | D        | Found the amulet of invisibility {+Inv}
   314 | D        | Found an opulent altar of Gozag.
   314 | D        | Found a hazy altar of Hepliaklqana.
   314 | D        | Found a burning altar of Makhleb.
   314 | D        | Found a sparkling altar of Nemelex Xobeh.
   314 | D        | Found a snail-covered altar of Cheibriados.
   314 | D        | Found a sacrificial altar of Ru.
   314 | D        | Found a shimmering blue altar of Sif Muna.
   314 | D        | Found a shimmering altar of Xom.
   314 | D        | Found a basalt altar of Yredelemnul.
   315 | D        | Found a viscous altar of Jiyva.
   315 | D        | Found a bloodstained altar of Trog.
   315 | D        | Found an ornate altar of the Wu Jian Council.
   315 | D        | Noticed an oklob sapling priest
   316 | D        | Found an iron altar of Okawaru.
   316 | D        | Found a shadowy altar of Dithmenos.
   316 | D        | Found a glowing silver altar of Zin.
   317 | D        | Found an ancient bone altar of Kikubaaqudgha.
   317 | D        | Found a hide-covered altar of Uskayaw.
   318 | D        | Found a stormy altar of Qazlal.
   318 | D        | Found a white marble altar of Elyvilon.
   318 | D        | Found a glowing golden altar of the Shining One.
   319 | D        | Found a corrupted altar of Lugonu.
   319 | D        | Found a radiant altar of Vehumet.
   323 | D        | Killed an oklob sapling priest
   324 | D        | Reached skill level 1 in Transmutations
   324 | D        | Reached skill level 9 in Earth Magic
   324 | D        | Reached XP level 5. HP: 28/28 MP: 0/13
   374 | D        | Became a worshipper of Vehumet
   431 | D        | Reached skill level 1 in Evocations
   437 | D        | Learned a level 5 spell: Lee's Rapid Deconstruction
   442 | D        | Learned a level 4 spell: Petrify
   948 | D        | Reached skill level 1 in Conjurations
   948 | D        | Reached skill level 10 in Earth Magic
  1166 | D        | Reached * piety under Vehumet
  1166 | D        | Offered knowledge of Shock by Vehumet.
  1167 | D        | Reached XP level 6. HP: 23/32 MP: 8/15
  1248 | D        | Found Lepudghunonk's Armour Shop.
  1248 | D        | Found Cavvenn's Assorted Antiques.
  1257 | D        | Bought a runed whip for 115 gold pieces
  1264 | D        | Noticed a burning bush
  1264 | D        | Noticed a wandering mushroom
  1398 | D        | Noticed a queen bee
  1402 | D        | Reached ** piety under Vehumet
  1402 | D        | Offered knowledge of Freeze by Vehumet.
  1403 | D        | Reached skill level 11 in Earth Magic
  1404 | D        | Reached XP level 7. HP: 36/36 MP: 10/18
  1412 | D        | Killed a queen bee
  1412 | D        | Reached *** piety under Vehumet
  1413 | D        | Reached skill level 12 in Earth Magic
  1516 | D        | Noticed an oklob plant
  1533 | D        | Splashed by an oklob plant's acid

Illustrated notes

Levels and vault maps discovered:
D:        dungeon_sprint_fedhas [sprint_temple]

Skill      XL: |  1  2  3  4  5  6  7 |
---------------+----------------------+-----
Spellcasting   | 3 4 5 6 8 9 |  9.2
Earth Magic    | 5 7 9 10 11 12 | 12.8
Dodging        | 2 3 |  3.1
Stealth        | 3 4 |  4.4
Transmutations | 1 |  1.0
Evocations     | 2 3 4 |  4.3
Conjurations   | 1 2 |  2.1
Unarmed Combat | |  0.1

Action                   |  1- 3 |  4- 6 |  7- 9 || total
-------------------------+-------+-------+-------++-------
Melee: Unarmed           |     7 |    12 |       ||    19
       Whip              |       |       |     3 ||     3
 Cast: Sandblast         |     9 |     8 |     3 ||    20
       Stone Arrow       |       |     6 |       ||     6
       Lee's Rapid Decon |       |    11 |     7 ||    18
       Petrify           |       |       |     1 ||     1
 Abil: Evoke Invisibilit |       |     7 |     1 ||     8
  Use: Potion            |     1 |       |     1 ||     2
 Stab: Invisible         |       |     2 |       ||     2
Dodge: Dodged            |     7 |     1 |       ||     8

Table legend: (Time is in decaauts)
 A = Elapsed time spent in this place.
 B = Non-inter-level travel time spent in this place.
 C = Inter-level travel time spent in this place.
 D = Time resting spent in this place.
 E = Time spent auto-exploring this place.
 F = Levels seen in this place.
 G = Mean time per level.
                   A        B        C        D        E       F      G
               +--------+--------+--------+--------+--------+-----+--------+
         Total |   1545 |   1545 |      0 |   1207 |      0 |   1 | 1545.0 |
       Dungeon |   1545 |   1545 |      0 |   1207 |      0 |   1 | 1545.0 |
               +--------+--------+--------+--------+--------+-----+--------+

Top non-repeatable levels by time:
       D: 1545 daAuts
